[Event "45th FIDE Chess Olympiad"]
[Site "Budapest"]
[Date "2024.09.15"]
[Round "5.50"]
[White "Sarana, Alexey"]
[Black "Fier, Alexandr"]
[Result "1-0"]
[ECO "D47"]
[WhiteElo "2713"]
[BlackElo "2551"]
[Annotator "Stoxkfish 16.1 - Chessbase"]
[PlyCount "97"]
[EventDate "2024.??.??"]
[WhiteTeam "Serbia"]
[BlackTeam "Brazil"]
[WhiteTeamCountry "SRB"]
[BlackTeamCountry "BRA"]
[TimeControl "40/5400+30:1800+30"]

1. d4 d5 2. c4 c6 3. Nf3 Nf6 4. Nc3 e6 5. e3 Nbd7 6. Bd3 dxc4 7. Bxc4 Bd6 $6 {[%eval 71,0] [%emt 0:00:07] Inaccuracy. b5 was best.} (7... b5 8. Bd3 b4 9. Ne4 Nxe4 10. Bxe4 Bb7 11. b3 Be7 12. O-O) 8. Qc2 O-O 9. O-O e5 10. a3 Qe7 11. h3 e4 12. Ng5 Nb6 13. Ba2 Bf5 14. f3 Nbd5 15. Ngxe4 Nxc3 16. Nxf6+ Qxf6 17. Qxc3 c5 18. dxc5 Be5 19. Qe1 Qg6 20. f4 Be4 $146 ({RR} 20... Bf6 21. Bd5 Bxh3 22. Bf3 Rfe8 23. e4 Bd4+ 24. Be3 Rxe4 25. Bxe4 Qxe4 26. Rf2 Bg4 27. Bxd4 Bf3 28. Qxe4 Bxe4 29. Re2 Re8 30. Kf2 f6 31. c6 Bxc6 32. Rxe8+ {½-½ Cruz,C (2484)-Fier,A (2600) IV Mohammed VI Masters 2023 (6.11)}) 21. Qf2 Bf6 22. f5 Qh6 23. Bb1 Rfe8 24. Bxe4 Rxe4 25. Ra2 Rae8 26. b4 Bg5 27. Re2 $6 {[%eval 26,0] [%emt 0:08:07] Inaccuracy. b5 was best.} (27. b5) 27... Qc6 28. Rd1 a5 29. Qe1 axb4 30. axb4 Qb5 31. Bd2 h6 32. Kh1 R8e5 33. Bc3 Rxf5 34. Qd2 Qc4 35. Qc2 Qe6 36. Bd4 Bh4 37. b5 Bg3 38. c6 bxc6 39. Qxc6 Rd5 40. Red2 Rd6 $4 {[%eval 249,0] [%emt 0:02:46] Blunder. Qxc6 was best.} (40... Qxc6) 41. Qa8+ Kh7 42. Bxg7 Rh4 $4 {[%eval 588,0] [%emt 0:00:00] Blunder. Kxg7 was best.} (42... Kxg7 43. Rxd6 Bxd6 44. Rxd6 Qe5 45. Rd5 Qc3 46. Rg5+ hxg5 47. Qxe4 Qc1+ 48. Kh2) 43. Qh8+ Kg6 44. Rxd6 Bxd6 45. Rxd6 Qxd6 46. Bd4 Kf5 47. b6 Rxh3+ $6 {[%eval 919,0] [%emt 0:00:00] Inaccuracy. Rxd4 was best.} (47... Rxd4 48. Qxd4) 48. gxh3 Qc6+ 49. Kh2 1-0